Map: 16-Bit LE

Players

BigBlue - Winner!

  • Race: Terran Terran
  • Spawn Location: 7:00

A.I. 1 (Elite)

  • Race: Protoss Protoss
  • Spawn Location: 1:00

VOD

Have the link to the VOD?

Description

Time

  • Played on: Aug. 2, 2018, 10:02 p.m.
  • Length: 11:53
Show
View Real Time Build Order
Export as new Build Order

BigBlue Terran - Winner!

Build Orders: Command Center First (CC) 

Get SALT Encoding   

  12  0:00  SCV  
  13  0:12  SCV  
  14  0:18  Supply Depot  
  14  0:24  SCV  
  15  0:40  SCV  
  16  0:52  SCV  
  17  1:02  Command Center  
  17  1:08  SCV  
  18  1:11  Refinery  
  18  1:20  SCV  
  19  1:34  SCV  
  20  1:46  Command Center  
  20  1:51  SCV  
  21  2:05  Barracks  
  21  2:08  SCV  
  22  2:14  SCV  
  23  2:20  SCV  
  24  2:33  SCV  
  24  2:35  SCV  
  26  2:37  Supply Depot  
  26  2:51  Orbital Command  
  26  2:52  Orbital Command  
  26  3:02  Orbital Command  
  26  3:04  Marine  
  27  3:07  Barracks  
  27  3:15  Barracks  
  27  3:20  SCV  
  27  3:22  SCV  
  27  3:25  Barracks Reactor  
  29  3:32  SCV  
  29  3:33  Barracks  
  30  3:41  Bunker  
  30  3:42  SCV  
  30  3:43  SCV  
  30  3:44  SCV  
  33  3:51  Barracks  
  33  3:54  Barracks Reactor  
  33  3:59  Supply Depot  
  33  4:02  Marine x2  
  34  4:03  Barracks Tech Lab  
  35  4:15  Refinery  
  35  4:16  Refinery  
  35  4:17  Refinery  
  35  4:19  Engineering Bay  
  35  4:22  Engineering Bay  
  35  4:25  Factory  
  35  4:27  Combat Shields, Barracks Reactor  
  35  4:29  Marine x3  
  35  4:30  Marine x2  
  40  4:37  Supply Depot  
  40  4:39  Supply Depot  
  40  4:48  SCV  
  40  4:50  SCV  
  42  4:55  Terran Infantry Weapons Level 1  
  42  4:57  Barracks Tech Lab  
  42  4:58  Marine  
  42  4:59  Marine  
  44  5:00  SCV  
  44  5:02  SCV, Marine x2  
  48  5:07  Marine x2  
  48  5:08  Marine  
  48  5:12  SCV  
  48  5:13  Terran Infantry Armor Level 1  
  52  5:14  SCV  
  52  5:18  Armory  
  53  5:23  SCV  
  53  5:24  SCV  
  53  5:25  Marine  
  53  5:26  SCV, Marine  
  53  5:28  Marine  
  58  5:29  Marine  
  58  5:31  Marine x2  
  58  5:35  SCV, Marine x2  
  64  5:37  SCV  
  66  5:49  SCV x2  
  68  5:50  SCV, Marine x3  
  68  5:51  Marine x3  
  68  5:54  Marauder x2  
  79  5:57  Concussive Shells  
  79  6:09  Marine x5  
  79  6:10  Marine  
  85  6:34  Factory Reactor, Starport  
  85  6:49  Terran Infantry Weapons Level 2  
  85  7:13  Marine  
  85  7:14  Marine  
  85  7:16  Marauder, Marine  
  85  7:17  Marine x2  
  85  7:18  Marine  
  85  7:19  Marauder  
  69  7:31  Marine  
  69  7:32  Marine  
  69  7:34  Marine x2  
  69  7:35  Marine x2  
  72  7:37  Marauder  
  72  7:40  SCV x2  
  72  7:41  Marauder, SCV  
  79  7:49  Medivac x2, Marine  
  79  7:50  Marine  
  79  7:51  Terran Infantry Armor Level 2, Factory Tech Lab  
  85  7:52  SCV, Marine x2  
  85  7:53  SCV x2, Marine x2  
  92  7:59  Marauder  
  92  8:02  Marauder  
  96  8:07  Marine  
  96  8:08  Marine  
  96  8:10  Marine x3  
  96  8:11  Marine  
  102  8:13  Siege Tank  
  105  8:20  Marauder  
  105  8:24  Marauder  
  109  8:35  Supply Depot  
  109  8:38  Supply Depot  
  109  8:49  Marine  
  109  8:51  Marine x2  
  109  8:53  Marine x2  
  109  8:54  Marine  
  108  8:55  Marauder  
  108  8:56  Medivac x2  
  108  8:57  Marauder  
  105  9:06  Terran Infantry Weapons Level 3  
  105  9:07  Marine  
  105  9:09  Marine x2  
  96  9:10  Marine  
  96  9:11  Marine  
  96  9:12  Marine  
  96  9:13  Siege Tank  
  104  9:17  Marauder  
  104  9:18  Marauder  
  106  9:25  Marine  
  106  9:26  Marine  
  106  9:27  Marine  
  106  9:28  Marine  
  106  9:29  Marine  
  106  9:30  Marine  
  114  9:38  Marauder  
  114  9:39  Marauder  
  114  9:43  Marine  
  114  9:44  Medivac x2, Marine  
  114  9:45  Marine  
  123  9:46  Marine  
  123  9:47  Marine  
  125  9:57  Siege Tank, Marine  
  131  10:00  Marauder  
  131  10:01  Marauder, Marine  
  131  10:02  Marine x2  
  131  10:04  Marine x2  
  138  10:15  Marine  
  138  10:19  Marine  
  138  10:20  Marine x2  
  138  10:21  Marauder  
  139  10:22  Marauder, Marine x2  
  139  10:32  Marine  
  138  10:36  Marine  
  138  10:38  Marine x2  
Show
View Real Time Build Order
Export as new Build Order

A.I. 1 (Elite) Protoss 

Build Orders: Zealot Archon 

Get SALT Encoding   

  12  0:00  Probe  
  13  0:13  Probe  
  14  0:19  Pylon  
  14  0:25  Probe  
  15  0:33  Probe  
  15  0:42  Probe  
  16  0:47  Assimilator  
  17  0:50  Gateway  
  17  0:51  Probe  
  18  0:59  Probe  
  18  1:00  Pylon  
  19  1:07  Probe  
  20  1:18  Probe  
  21  1:36  Zealot  
  21  1:38  Gateway  
  24  1:40  Probe, Cybernetics Core  
  24  1:51  Pylon  
  24  1:52  Probe  
  25  1:54  Zealot  
  25  2:04  Probe  
  28  2:16  Probe  
  28  2:17  Warp Gate  
  28  2:20  Adept  
  31  2:25  Adept  
  33  2:32  Gateway  
  33  2:40  Gateway  
  33  2:47  Adept  
  33  2:48  Adept  
  35  2:57  Pylon  
  35  2:58  Probe  
  38  3:10  Adept  
  38  3:15  Adept  
  38  3:19  Adept  
  44  3:27  Adept, Pylon  
  46  3:38  Robotics Facility  
  46  4:01  Twilight Council  
  46  4:07  Pylon  
  46  4:27  Assimilator  
  46  4:47  Zealot  
  48  4:55  Nexus  
  48  5:06  Templar Archives  
  48  5:28  Forge  
  48  5:38  Forge  
  48  5:42  High Templar  
  50  5:58  High Templar  
  50  6:03  Probe  
  52  6:06  Probe  
  52  6:07  Stalker  
  52  6:11  Archon, Probe  
  56  6:14  Probe  
  56  6:17  Assimilator  
  58  6:20  Assimilator  
  58  6:21  Probe  
  58  6:22  Probe  
  60  6:33  Probe  
  60  6:34  Probe  
  60  6:37  High Templar  
  64  6:45  Probe  
  64  6:46  Probe  
  66  6:54  High Templar  
  66  6:58  Probe x2  
  66  6:59  Stalker  
  66  7:00  Nexus  
  72  7:03  Stalker  
  72  7:05  Pylon  
  74  7:10  Stalker, Archon, Probe x2  
  72  7:18  Probe  
  72  7:22  Probe, Zealot  
  66  7:26  High Templar  
  66  7:27  Probe, Zealot  
  62  7:33  Zealot  
  62  7:34  Probe  
  66  7:39  Probe  
  66  7:42  Stalker  
  69  7:47  High Templar  
  71  7:53  Sentry  
  71  7:54  Observer  
  74  7:59  Nexus  
  74  8:01  Archon  
  74  8:11  High Templar  
  74  8:12  Pylon  
  76  8:25  High Templar  
  78  8:30  Stalker  
  78  8:31  Pylon  
  80  8:34  Stalker  
  80  8:36  Archon  
  82  8:46  Zealot  
  84  8:53  Zealot  
  84  8:54  Pylon  
  78  8:57  High Templar, Zealot  
  76  9:07  Stalker  
  74  9:11  Probe  
  74  9:12  Probe x2  
  74  9:13  Zealot  
  79  9:17  High Templar  
  79  9:20  Probe  
  79  9:21  Assimilator  
  79  9:22  Assimilator  
  79  9:23  Zealot x2  
  79  9:24  Probe x2  
  87  9:28  Probe  
  88  9:31  Archon  
  88  9:33  Stalker  
  88  9:36  Probe  
  88  9:37  Probe  
  88  9:38  Probe  
  93  9:40  High Templar  
  93  9:44  Sentry  
  98  9:48  Probe  
  98  9:50  Probe x2  
  101  9:54  High Templar  
  103  10:00  Photon Cannon, Probe  
  103  10:01  Zealot  
  103  10:02  Probe  
  103  10:03  Probe  
  103  10:04  Pylon  
  106  10:07  Zealot  
  106  10:10  Probe  
  106  10:12  Zealot, Probe  
  106  10:13  Archon  
  104  10:21  High Templar  
  102  10:26  Zealot x2  
  80  10:32  High Templar  
  68  10:40  Stalker  
  62  10:47  Adept  
  61  10:53  High Templar  
  54  10:58  Probe  
  54  10:59  Probe  
  54  11:01  Zealot  
  54  11:05  High Templar  
  54  11:07  Zealot  
  54  11:10  Probe  
  54  11:11  Probe  
  45  11:21  Zealot  
  45  11:22  Probe  
  45  11:23  High Templar, Probe  
  47  11:31  Zealot  
  36  11:43  Zealot  
Tags
 
Add a new tag
Caveats
  • Supply blocks, unpowered buildings, or Contaminate may cause inaccurate times.
  • Supply counts are checked every 10 seconds.